 Dungeon Crawl Stone Soup version 0.15.2 (webtiles) character file.

126 Huymann the Ruffian (level 4, -2/37 HPs)
             Began as a Draconian Transmuter on Jan 14, 2019.
             Slain by a gnoll
             ... wielding a +0 whip
              (4 damage)
             ... on Level 2 of the Dungeon.
             The game lasted 00:08:41 (1606 turns).

Huymann the Ruffian (Draconian Transmuter)          Turns: 1606, Time: 00:08:41

HP  -2/37        AC  5     Str 13      XL: 4   Next: 83%
MP   8/8         EV 13     Int 13      God:
Gold 89          SH  0     Dex 12      Spells:  1 memorised,  7 levels left

rFire  . . .     SeeInvis .       - Unarmed
rCold  . . .     Clarity  .     (armour unavailable)
rNeg   . . .     rCorr    .     (no shield)
rPois  .         rRot     .     (helmet restricted)
rElec  .         Spirit   .     (no cloak)
SustAb +         Warding  .     (no gloves)
rMut   .         Stasis   .     (no boots)
Gourm  .                        (no amulet)
MR     .....                    (no ring)
                                o - ring of sustain abilities

@: not resistant to hostile enchantments, unstealthy
A: unfitting armour, cold-blooded, AC +5
a: no special abilities


You were on level 2 of the Dungeon.
You were hungry.

You visited 1 branch of the dungeon, and saw 2 of its levels.

You collected 89 gold pieces.

Inventory:

Missiles
 b - 12 arrows
Comestibles
 a - 5 bread rations
 c - a rotting chunk of rat flesh
 g - a rotting chunk of giant newt flesh
 i - a chunk of bat flesh
 k - a chunk of worm flesh
 l - a chunk of adder flesh
Jewellery
 o - a ring of sustain abilities (left hand)
Potions
 e - a potion of confusion {unknown}
 f - a potion of flight {unknown}
 h - a potion of porridge
 j - a potion of curing {unknown}
Books
 d - a book of Changes

   Spells                             Type                      Level
   *Beastly Appendage                 Transmutation                1
   Sticks to Snakes                   Transmutation                2
   Spider Form                        Transmutation/Poison         3
   Ice Form                           Ice/Transmutation            4
   Blade Hands                        Transmutation                5


   Skills:
 * Level 2.4 Fighting
 * Level 3.2 Dodging
 * Level 1.2 Stealth
 + Level 3.4 Unarmed Combat
 * Level 2.5 Spellcasting
 + Level 2.0 Transmutations


You had 7 spell levels left.
You knew the following spells:

 Your Spells              Type           Power        Failure   Level  Hunger
a - Beastly Appendage     Trmt           #.....       12%         1    #......


Dungeon Overview and Level Annotations

Branches:
Dungeon (2/15)

Altars:


Innate Abilities, Weirdness & Mutations

Your plain brown scales are hard (AC +5).
Your body does not fit into most forms of armour.
Your cold-blooded metabolism reacts poorly to cold.


Message History

The gnoll completely misses you.
You hit the gnoll.
You kill the gnoll!
Casting: Beastly Appendage
Confirm with . or Enter, or press ? or * to list all spells.
Okay, then.
You hit the gnoll. You tail-slap the gnoll.
The gnoll is moderately wounded.
The gnoll barely misses you.
You closely miss the gnoll. Your headbutt misses the gnoll.
The gnoll is moderately wounded.
The gnoll closely misses you.
You hit the gnoll.
The gnoll is heavily wounded.
The gnoll barely misses you.
You completely miss the gnoll.
The gnoll is heavily wounded.
Your horns disappear.
The gnoll hits you with a whip.
You die...

#.....# . # #.....# .# #
###.S## .# .. ######## ##..#
.# #.# #=.....# ##.# #.#
#..## #......# #.###.# #....
#......# #..##.# ###.#
#......#########.##.#######.)
#...........@g...............
################.##.#########
#..#.## ## ##....#######.
###..........
...#####.########.
..................
.........######### #......##
####


You could see a gnoll.

Vanquished Creatures
  4 gnolls
  4 adders (D:2)
  A worm (D:2)
  A giant gecko (D:1)
  2 giant cockroaches
  6 goblins (D:1)
  7 hobgoblins
  3 jackals (D:1)
  A kobold (D:1)
  A ball python (D:1)
  7 bats
  2 giant newts (D:2)
  3 rats
42 creatures vanquished.

Notes
Turn   | Place    | Note
--------------------------------------------------------------
     0 | D:1      | Huymann, the Draconian Transmuter, began the quest for the Orb.
     0 | D:1      | Reached XP level 1. HP: 16/16 MP: 3/3
   187 | D:1      | Reached XP level 2. HP: 17/23 MP: 4/4
   452 | D:1      | Reached XP level 3. HP: 8/29 MP: 4/6
   863 | D:1      | Reached skill level 1 in Stealth
  1445 | D:2      | Reached XP level 4. HP: 24/36 MP: 7/7
  1606 | D:2      | Slain by a gnoll

Action                   |  1- 3 |  4- 6 || total
-------------------------+-------+-------++-------
Melee: Unarmed           |   122 |    46 ||   168
 Cast: Beastly Appendage |     5 |     3 ||     8
  Use: Scroll            |     3 |       ||     3
 Stab: Distracted        |     1 |       ||     1
       Sleeping          |     1 |       ||     1
  Eat: Chunk             |     2 |       ||     2
